Map: Lightshade LE

Players

Aphelion

  • Race: Protoss Protoss
  • League: Diamond
  • Spawn Location: 5:00

ViBE - Winner!

  • Race: Terran Terran
  • League: Grandmaster
  • Spawn Location: 11:00

VOD

https://www.twitch.tv/videos/867649629?t=00h14m20s

Description

Time

  • Played on: Jan. 9, 2021, 5:42 p.m.
  • Length: 20:39
Show
View Real Time Build Order
Export as new Build Order

Aphelion Protoss 

Build Orders: 1 Gate Expand, Colossus Rush 

Get SALT Encoding   

  12  0:00  Probe  
  13  0:12  Probe  
  14  0:18  Pylon  
  14  0:24  Probe  
  15  0:36  Probe (Chrono Boost)  
  15  0:41  Gateway  
  16  0:45  Assimilator  
  17  0:51  Probe (Chrono Boost)  
  17  0:56  Probe (Chrono Boost)  
  18  1:05  Probe  
  19  1:24  Nexus  
  19  1:32  Cybernetics Core  
  19  1:35  Probe  
  20  1:45  Pylon  
  20  1:47  Probe  
  21  1:55  Assimilator  
  21  1:59  Probe  
  22  2:05  Stalker (Chrono Boost)  
  24  2:11  Probe (Chrono Boost)  
  24  2:15  Warp Gate  
  26  2:23  Probe (Chrono Boost)  
  26  2:28  Probe (Chrono Boost)  
  27  2:38  Probe x2  
  29  2:46  Robotics Facility  
  29  2:50  Probe x2  
  31  2:55  Sentry  
  33  3:00  Pylon  
  33  3:02  Probe x2  
  35  3:14  Probe x2  
  35  3:16  Shield Battery  
  37  3:24  Stalker  
  37  3:26  Probe  
  37  3:27  Probe  
  41  3:36  Observer (Chrono Boost)  
  41  3:38  Probe  
  41  3:39  Probe  
  44  3:48  Observer (Chrono Boost)  
  44  3:52  Nexus  
  44  3:53  Pylon  
  45  4:01  Gateway, Robotics Bay  
  45  4:04  Gateway  
  45  4:05  Probe  
  45  4:06  Probe  
  47  4:17  Probe  
  47  4:20  Assimilator, Probe  
  47  4:24  Pylon, Stalker  
  52  4:31  Probe  
  52  4:48  Assimilator  
  52  4:50  Colossus (Chrono Boost)  
  52  4:52  Gateway  
  52  4:54  Gateway  
  52  4:55  Gateway  
  52  4:59  Shield Battery  
  58  5:03  Shield Battery  
  58  5:05  Pylon, Probe  
  59  5:12  Stalker x2  
  63  5:14  Zealot  
  63  5:35  Stalker  
  63  5:41  Probe  
  64  5:43  Colossus (Chrono Boost)  
  64  5:46  Probe (Chrono Boost)  
  64  5:48  Extended Thermal Lance  
  71  5:53  Forge, Probe (Chrono Boost)  
  73  5:58  Probe (Chrono Boost)  
  73  5:59  Probe (Chrono Boost)  
  75  6:04  Probe (Chrono Boost)  
  75  6:06  Probe (Chrono Boost), Twilight Council  
  75  6:08  Probe (Chrono Boost)  
  75  6:09  Probe (Chrono Boost)  
  78  6:12  Probe  
  78  6:17  Pylon, Probe  
  80  6:19  Sentry, Stalker, Probe  
  80  6:20  Stalker  
  80  6:24  Probe  
  88  6:29  Pylon  
  88  6:30  Probe  
  88  6:31  Probe  
  90  6:36  Probe  
  90  6:37  Colossus  
  97  6:42  Zealot, Probe  
  100  6:48  Protoss Ground Weapons Level 1 (Chrono Boost)  
  100  6:50  Pylon  
  100  6:53  Pylon  
  100  6:58  Pylon  
  100  7:01  Probe  
  100  7:03  Forge  
  101  7:09  Nexus  
  101  7:10  Probe x2  
  101  7:11  Pylon  
  101  7:13  Probe  
  104  7:16  Assimilator  
  104  7:22  Probe x2  
  106  7:25  Probe  
  106  7:28  Colossus (Chrono Boost)  
  107  7:32  Pylon  
  107  7:33  Protoss Ground Armor Level 1 (Chrono Boost)  
  107  7:34  Probe  
  107  7:35  Probe  
  113  7:40  Pylon, Zealot  
  113  7:41  Zealot x2  
  119  7:50  Assimilator, Pylon, Shield Battery  
  119  7:51  Charge (Chrono Boost)  
  119  7:53  Zealot x2  
  119  7:56  Shield Battery  
  123  8:12  Zealot x3  
  125  8:13  Zealot  
  125  8:15  Observer  
  132  8:20  Stargate  
  132  8:23  Probe x3  
  135  8:27  Stalker x2  
  135  8:29  Phoenix  
  139  8:35  Protoss Air Weapons Level 1  
  139  8:38  Probe x2  
  139  8:41  Probe  
  142  8:45  Pylon  
  142  8:53  Templar Archives  
  142  9:01  Probe  
  143  9:03  Probe x3  
  143  9:04  Colossus  
  143  9:08  Protoss Ground Weapons Level 2 (Chrono Boost)  
  152  9:14  Gateway  
  152  9:15  Gateway  
  152  9:16  Gateway  
  152  9:17  Gateway  
  152  9:21  Fleet Beacon  
  152  9:23  Shield Battery  
  152  9:24  Assimilator  
  152  9:25  Shield Battery  
  152  9:27  Assimilator  
  152  9:28  Shield Battery  
  152  9:30  Zealot  
  154  9:32  Stalker  
  154  9:34  Protoss Ground Armor Level 2 (Chrono Boost)  
  154  9:37  Psionic Storm  
  156  9:40  High Templar  
  156  9:41  High Templar x2  
  162  9:59  Pylon  
  162  10:01  Pylon  
  162  10:03  Gateway x2  
  162  10:06  Gateway  
  162  10:07  Dark Shrine  
  162  10:09  Gateway  
  162  10:10  Zealot x3  
  162  10:11  Zealot  
  170  10:16  High Templar x3  
  176  10:24  Zealot x3  
  160  10:48  Zealot x4  
  84  10:59  Zealot x5  
  84  11:00  Zealot x3, Colossus (Chrono Boost)  
  96  11:25  Dark Templar x3  
  102  11:29  Nexus  
  102  11:34  High Templar  
  102  11:35  High Templar x3  
  102  11:36  Nexus  
  102  11:39  Dark Templar  
  112  11:41  Colossus (Chrono Boost)  
  118  11:48  Dark Templar  
  117  11:55  Zealot x4  
  116  12:13  Zealot x3  
  116  12:14  Zealot  
  109  12:27  Probe x2  
  107  12:32  Dark Templar, Colossus (Chrono Boost)  
  107  12:34  Probe  
  116  12:42  High Templar x3  
  122  12:53  Nexus  
  122  13:03  Dark Templar  
  124  13:10  Pylon  
  122  13:17  Dark Templar x2  
  122  13:18  Colossus  
  130  13:34  Zealot x4  
Show
View Real Time Build Order
Export as new Build Order

ViBE Terran - Winner!

Build Orders: Reaper Expand 

Get SALT Encoding   

  12  0:00  SCV  
  13  0:12  SCV  
  14  0:17  Supply Depot  
  14  0:24  SCV  
  15  0:39  SCV  
  15  0:40  Barracks  
  16  0:45  Refinery  
  16  0:51  SCV  
  17  1:03  SCV  
  18  1:15  SCV  
  19  1:31  Reaper, Orbital Command  
  20  1:40  Command Center  
  20  1:56  SCV, Supply Depot  
  21  2:03  Barracks Reactor  
  21  2:10  Barracks  
  21  2:13  SCV  
  22  2:18  Barracks  
  22  2:26  SCV  
  23  2:30  Engineering Bay  
  23  2:39  SCV  
  23  2:40  Marine  
  23  2:41  Marine  
  26  2:51  SCV  
  26  2:54  Orbital Command  
  27  2:58  Bunker  
  27  3:00  Barracks Tech Lab  
  27  3:05  Terran Infantry Weapons Level 1  
  27  3:11  SCV  
  28  3:23  SCV  
  28  3:25  Marauder, Barracks Tech Lab  
  31  3:27  Marine  
  31  3:29  Marine  
  33  3:35  SCV  
  33  3:38  SCV  
  35  3:44  Stimpack, Marauder  
  35  3:47  SCV  
  38  3:49  Supply Depot  
  38  3:51  SCV, Marauder  
  38  3:54  Marine  
  38  3:55  Marine  
  43  3:59  SCV  
  43  4:01  Supply Depot  
  44  4:03  SCV  
  44  4:06  Supply Depot  
  44  4:09  Concussive Shells  
  45  4:11  SCV  
  45  4:15  SCV, Marauder  
  45  4:16  Marine x2  
  51  4:23  Marauder  
  51  4:24  SCV  
  54  4:27  SCV  
  54  4:30  Supply Depot  
  55  4:36  SCV  
  56  4:39  SCV  
  57  4:46  Command Center, Marauder  
  57  4:47  Marauder  
  57  4:48  SCV  
  57  4:49  Marine  
  63  4:59  Refinery  
  63  5:00  SCV x2, Refinery x2  
  63  5:07  Marine x2, Marauder  
  65  5:09  Marauder  
  65  5:12  Supply Depot  
  71  5:14  Supply Depot  
  71  5:18  SCV x2  
  70  5:32  Marauder x2  
  70  5:34  Marine x2  
  72  5:41  SCV x2  
  62  5:49  Factory  
  62  5:53  SCV x2  
  62  5:54  Marine x2, Marauder x2, Barracks  
  62  5:55  Barracks  
  70  5:59  Orbital Command  
  70  6:04  Terran Infantry Armor Level 1  
  70  6:05  SCV x2  
  72  6:15  Marauder  
  72  6:17  Engineering Bay, SCV x2  
  76  6:21  Marine x2, Marauder  
  76  6:24  Orbital Command  
  80  6:29  SCV x2  
  82  6:34  Factory Reactor  
  82  6:36  Marauder  
  82  6:37  Starport  
  82  6:38  Armory  
  84  6:41  SCV x2  
  84  6:45  Barracks Reactor, Barracks Tech Lab  
  86  6:50  Marine x2, Marauder  
  86  6:53  SCV x3  
  93  6:58  Marauder  
  93  7:00  Combat Shield, Supply Depot  
  95  7:01  Supply Depot  
  95  7:05  SCV x2  
  95  7:06  SCV  
  98  7:17  SCV x2  
  98  7:18  SCV  
  98  7:20  Command Center  
  98  7:21  Marine x2, Marauder x2  
  98  7:22  Marine x2, Marauder  
  111  7:26  Terran Infantry Weapons Level 2  
  111  7:29  Medivac  
  113  7:32  Medivac  
  113  7:33  SCV x2  
  113  7:36  Refinery x2  
  117  7:41  Supply Depot x2  
  117  7:43  Supply Depot  
  117  7:47  Marine  
  117  7:48  Marine, Marauder x3  
  125  7:52  Supply Depot  
  125  7:58  Terran Infantry Armor Level 2  
  125  8:02  Marine x2  
  125  8:03  SCV x2  
  129  8:08  SCV  
  129  8:09  Marine, Marauder x2  
  129  8:10  Marine, Marauder  
  138  8:14  Medivac  
  138  8:15  SCV x2  
  138  8:16  Medivac  
  144  8:20  Marine x2  
  144  8:22  Ghost Academy  
  144  8:25  SCV  
  147  8:27  SCV x2  
  147  8:34  Command Center  
  149  8:39  Marauder  
  149  8:40  Marauder, Barracks x2  
  153  8:42  Marine, Marauder  
  153  8:43  Marine  
  153  8:44  Marine  
  153  8:45  Marine  
  159  8:52  Medivac x2  
  159  8:53  Supply Depot  
  159  8:55  Enhanced Shockwaves  
  163  9:05  Marine x3, Marauder x3  
  172  9:10  Supply Depot  
  172  9:11  Supply Depot  
  172  9:12  Supply Depot  
  172  9:13  Marine  
  173  9:21  SCV x2  
  175  9:26  Marine x3  
  175  9:29  Barracks Reactor, Barracks Tech Lab  
  184  9:32  SCV  
  184  9:33  Planetary Fortress, SCV x2  
  187  9:45  SCV x3  
  189  9:49  Command Center  
  188  9:54  Unknown x3  
  188  9:55  Refinery x2  
  188  9:57  Marine x3, Marauder x3  
  188  9:59  Marine  
  198  10:01  Marauder  
  200  10:17  Terran Infantry Armor Level 3, Terran Infantry Weapons Level 3  
  199  10:42  Marine x3, Marauder x4  
  173  11:00  Marine x3  
  173  11:01  Marine x3  
  173  11:02  Medivac x2  
  173  11:03  Marauder  
  173  11:04  Marauder x3  
  191  11:06  Command Center  
  191  11:11  Planetary Fortress, Barracks  
  191  11:12  Barracks  
  191  11:18  Marine  
  191  11:25  Marauder x2  
  200  11:45  Barracks x2  
  200  11:46  Barracks  
  200  11:49  Command Center  
  200  11:53  Unknown x2  
  200  11:57  Command Center  
  200  11:58  Command Center  
  200  12:02  Command Center  
  200  12:32  Barracks Reactor, Barracks Tech Lab  
  200  12:34  Barracks Reactor x2, Barracks Tech Lab  
  200  12:41  Starport  
  200  12:49  Planetary Fortress  
  200  12:54  Unknown  
  200  12:55  Unknown  
  200  13:04  Command Center  
  196  13:12  Missile Turret  
  196  13:14  Missile Turret  
  196  13:20  Missile Turret  
  196  13:27  Orbital Command, Missile Turret  
  196  13:28  Orbital Command  
  196  13:29  Missile Turret  
  196  13:30  Missile Turret  
  192  13:37  Marine x3, Marauder x2  
  192  13:38  Marauder x2  
  198  13:44  Planetary Fortress  
  184  15:37  Planetary Fortress  
  184  16:28  Starport Reactor  
  184  17:06  Marine, Marauder x6  
  184  17:07  Marine x11  
  184  17:24  Marine x2  
  184  17:27  Marauder x3  
  184  17:28  Marauder x3  
Tags
 
Add a new tag
Caveats
  • Supply blocks, unpowered buildings, or Contaminate may cause inaccurate times.
  • Supply counts are checked every 10 seconds.